 Dungeon Crawl Stone Soup version 0.29-a0-459-g97dee8cd24 (webtiles) character file.

Game seed: 999240643443339325

54 hquester the Skirmisher (level 3, -2/29 HPs)
             Began as a Demonspawn Abyssal Knight on May 20, 2022.
             Was a Believer of Lugonu.
             Slain by a white imp (4 damage)
             ... summoned by Natasha
             ... on level 2 of the Dungeon.
             The game lasted 00:05:29 (2288 turns).

hquester the Skirmisher (Demonspawn Abyssal Knight) Turns: 2288, Time: 00:05:30

Health: -2/29      AC:  5    Str: 15    XL:     3   Next: 66%
Magic:  5/5        EV: 11    Int: 11    God:    Lugonu [**....]
Gold:   120        SH:  0    Dex: 13    Spells: 2/2 levels left

rFire   . . .      SeeInvis .   a - +1 short sword
rCold   . . .      Faith    .   (no shield)
rNeg    . . .      Spirit   .   i - +0 ring mail
rPois   .          Reflect  .   (no helmet)
rElec   .          Harm     .   (no cloak)
rCorr   .          Rampage  .   (no gloves)
Will    .....                   (no boots)
Stlth   +.........              (no amulet)
HPRegen 0.09/turn               (no ring)
MPRegen 0.09/turn               (no ring)

@: no status effects
A: weakness stinger 2
a: Renounce Religion, Depart the Abyss, Bend Space


You were on level 2 of the Dungeon.
You worshipped Lugonu.
Lugonu was pleased with you.
You visited 1 branch of the dungeon, and saw 2 of its levels.
You visited the Abyss 1 time.

You collected 120 gold pieces.

Inventory:

Hand Weapons
 a - a +1 short sword (weapon)
Armour
 b - a +0 leather armour
 h - a +0 chain mail
 i - a +0 ring mail (worn)
Potions
 c - 2 potions of degeneration {unknown}
 d - a potion of attraction {unknown}
 f - 2 potions of resistance {unknown}
 k - a potion of curing {unknown}


   Skills:
 + Level 3.3 Fighting
 + Level 2.2 Short Blades
 + Level 2.2 Armour
 + Level 1.6 Dodging
 + Level 3.2 Invocations


You had 2 spell levels left.
You didn't know any spells.
Your spell library contained the following spells:

 Spells                   Type           Power      Damage    Failure   Level
 Blink                    Tloc           0%         N/A       71%         2
 Lesser Beckoning         Tloc           0%         N/A       90%         3
 Manifold Assault         Tloc           0%         N/A       100%        5


Dungeon Overview and Level Annotations

Branches:
Dungeon (2/15)

Altars:

Annotations:
D:2 Natasha, Sigmund


Innate Abilities, Weirdness & Mutations

You have a tail ending in a sharp stinger.


Message History

You add the spells Blink, Lesser Beckoning and Manifold Assault to your library.
You now have 120 gold pieces (gained 8).
Natasha, Servant of Life and Death comes into view.
Found a leather armour.
Found a stone staircase leading down.
Natasha wildly gestures.
Natasha's front paws start to glow.
You hit Natasha but do no damage. You tail-slap Natasha!
Natasha is heavily wounded.
Natasha claws you.
You hit Natasha but do no damage.
Natasha is heavily wounded.
Natasha mumbles some strange words.
You hit Natasha but do no damage.
Your tail-slap misses Natasha.
Natasha is heavily wounded.
Natasha claws you but does no damage.
You hit Natasha.
Your tail-slap misses Natasha.
Natasha is severely wounded.
Natasha barely misses you. The white imp puffs mist at you.
The white imp gestures at you. The puff of frost hits you!
You hit Natasha.
Natasha is severely wounded.
Natasha claws you. The white imp gestures at you. The puff of frost hits you!
* * * LOW HITPOINT WARNING * * *
You hit Natasha.
Natasha is almost dead.
Natasha closely misses you.
You hit Natasha but do no damage.
Natasha is almost dead.
Natasha casts a spell at you. The magic dart hits you.
* * * LOW HITPOINT WARNING * * *
The white imp hits you.
* * * LOW HITPOINT WARNING * * *
The white imp freezes you.
You die...

######## ##...>..##
##.......[#
#..........
#..........#
#..........#
#..5h......#
#..@.......#
##........#
##........## #######
#..........# #.<....
#..........###......
#...........##....>.
#...........##......
#...........##......
##.........^##......


You could see Natasha and a white imp (summoned).

Vanquished Creatures
  A gnoll (D:1)
  2 adders (D:2)
  3 ball pythons
  2 endoplasms
  2 hobgoblins (D:1)
  3 jackals (D:1)
  A quokka (D:1)
  2 frilled lizards
  5 goblins (D:1)
  3 kobolds
24 creatures vanquished.

Notes
Turn   | Place    | Note
-------+----------+-------------------------------------------
     0 | Abyss:1  | hquester the Demonspawn Abyssal Knight began the quest for
                  | the Orb.
     0 | Abyss:1  | Reached XP level 1. HP: 18/18 MP: 2/2
     3 | Abyss:1  | Found a corrupted altar of Lugonu.
    16 | D:1      | Escaped the Abyss
    66 | D:1      | Reached skill level 1 in Dodging
   321 | D:1      | Gained mutation: You have a small tail. [demonic ancestry]
   321 | D:1      | Reached XP level 2. HP: 11/24 MP: 4/4
   622 | D:1      | Found a faded altar of an unknown god.
  1299 | D:1      | Gained mutation: You have a tail ending in a sharp stinger.
                  | [demonic ancestry]
  1299 | D:1      | Reached XP level 3. HP: 12/29 MP: 5/5
  2126 | D:2      | Noticed Sigmund
  2279 | D:2      | Noticed Natasha
  2288 | D:2      | Slain by a white imp

Illustrated notes

Levels and vault maps discovered:
D:1:      minmay_arrival_diagonal_passages, layout_basic,
          nicolae_ecumenical_snake_handling, kennysheep_another_room,
          minmay_unequal
D:2:      layout_rooms, uniq_crazy_yiuf_cottage, uniq_sigmund, uniq_natasha

Skill      XL: |  1  2 |
---------------+-------+-----
Dodging        | 1 |  1.6
Short Blades   | 2 |  2.2
Armour         | 2 |  2.2
Invocations    | 3 |  3.2
Fighting       | |  3.3

Action                   || total
-------------------------++-------
Melee: Short sword       ||   112
       Tailslap          ||    11
  Use: Scroll            ||     5
Armor: Leather armour    ||     7
       Ring mail         ||    21
Dodge: Dodged            ||    52

Table legend: (Time is in decaauts)
 A = Elapsed time spent in this place.
 B = Non-inter-level travel time spent in this place.
 C = Inter-level travel time spent in this place.
 D = Time resting spent in this place.
 E = Time spent auto-exploring this place.
 F = Levels seen in this place.
 G = Mean time per level.
                   A        B        C        D        E       F      G
               +--------+--------+--------+--------+--------+-----+--------+
         Total |   2288 |   2248 |     40 |    963 |    877 |   3 |  762.7 |
       Dungeon |   2272 |   2232 |     40 |    963 |    865 |   2 | 1136.0 |
         Abyss |     16 |     16 |      0 |      0 |     12 |   1 |   16.0 |
               +--------+--------+--------+--------+--------+-----+--------+

Top non-repeatable levels by time:
     D:1: 1750 daAuts
     D:2: 522 daAuts
 Abyss:1: 16 daAuts
